 Dungeon Crawl Stone Soup version 0.20-a0-513-g02c11fc (webtiles) character file.

345 Kaname the Charmwright (level 6, -21/44 HPs)
             Began as a Demonspawn Skald on Jan 22, 2017.
             Demolished by an ogre
             ... wielding a +0 giant club
              (30 damage)
             ... on level 6 of the Dungeon on Jan 23, 2017.
             The game lasted 00:08:00 (3337 turns).

Kaname the Charmwright (Demonspawn Skald)           Turns: 3337, Time: 00:08:00

Health: -21/44     AC:  5    Str: 12    XL:     6   Next: 32%
Magic:  9/9        EV: 11    Int: 16    God:
Gold:   216        SH:  0    Dex: 12    Spells: 1/9 levels left

rFire    . . .     SeeInvis .   a - +0 spear
rCold    . . .     Gourm    .   b - +0 leather armour
rNeg     . . .     Faith    .   (no shield)
rPois    .         Spirit   .   (helmet restricted)
rElec    .         Reflect  .   g - +1 cloak
rCorr    .         Harm     .   (no gloves)
MR       .....                  (no boots)
Stlth    +.........             e - amulet of regeneration
Regen    0.6/turn               (no ring)
                                (no ring)

@: no status effects
A: antennae 1, demonic guardian 1, powered by death 1
a: no special abilities


You were on level 6 of the Dungeon.
You were hungry.

You visited 1 branch of the dungeon, and saw 5 of its levels.

You collected 216 gold pieces.

Inventory:

Hand Weapons
 a - a +0 spear (weapon)
 k - a +0 shortbow of freezing
Missiles
 s - 29 arrows
Armour
 b - a +0 leather armour (worn)
 g - a +1 cloak (worn)
Jewellery
 e - an amulet of regeneration (around neck)
Scrolls
 h - 3 scrolls of magic mapping
 i - 2 scrolls of remove curse {unknown}
 j - 2 scrolls of enchant armour {unknown}
 l - a scroll of enchant weapon {unknown}
 n - a scroll of amnesia {unknown}
 t - a scroll of noise {unknown}
 u - 2 scrolls of fog {unknown}
Potions
 f - 2 potions of cancellation
 p - 2 potions of heal wounds {unknown}
 q - 2 potions of flight {unknown}
 x - a potion of lignification {unknown}
Books
 c - a book of Battle

   Spells                             Type                      Level
   a - Infusion                       Charms                       1
   b - Shroud of Golubria             Charms/Translocation         2
   c - Song of Slaying                Charms                       2
   d - Spectral Weapon                Hexes/Charms                 3
   e - Regeneration                   Charms/Necromancy            3
Comestibles
 d - 3 bread rations
 r - a meat ration
 v - 7 fruits
 w - a royal jelly


   Skills:
 - Level 2.0 Fighting
 + Level 4.3 Polearms
 - Level 0.8 Armour
 - Level 1.7 Dodging
 - Level 2.0 Spellcasting
 - Level 5.1 Charms


You had one spell level left.
You knew the following spells:

 Your Spells              Type           Power        Failure   Level  Hunger
a - Infusion              Chrm           ###.         3%          1    #......
b - Song of Slaying       Chrm           ###.....     6%          2    ###....
c - Shroud of Golubria    Chrm/Tloc      #.........   14%         2    ###....
d - Regeneration          Chrm/Necr      #.........   28%         3    ###....


Dungeon Overview and Level Annotations

Branches:
Dungeon (4/15)
 Temple: D:4-7

Altars:
Kikubaaqudgha
Makhleb
Qazlal
Trog

Annotations:
D:4 eskilway's ghost, amateur MiBe


Innate Abilities, Weirdness & Mutations

You have a pair of small antennae on your head.
A weak demonic guardian rushes to your aid.
You regenerate a little health from kills.


Message History

As you read the scroll of teleportation, it crumbles to dust.
You feel strangely unstable. The orc hits you with a dagger.
Your shadow imp hits the orc.
The orc dies!
The ogre hits your shadow imp with a giant club.
Your shadow imp hits the ogre.
The centaur wields a shortbow.
The centaur shoots an arrow.
The arrow hits you!!
The ogre hits your shadow imp with a giant club!
Your shadow imp dies!
You are feeling hungry.
The centaur shoots an arrow.
The arrow hits you!
* * * LOW HITPOINT WARNING * * *
You see here an arrow.
Unknown command.
Your surroundings suddenly seem different.
An ogre comes into view. It is wielding a giant club.
The ogre shouts!
The ogre hits you with a giant club!!
Ouch! That really hurt!
You die...

## .. . .#
..######.######
......!........
#....O....#
#...@.....#
#.........#
#....F....#
#.........#
#.........#
###########


You could see an ogre and a bullfrog.

Vanquished Creatures
  A centaur (D:3)
  3 vampire bats (D:2)
  4 adders
  2 oozes
  2 worms (D:2)
  4 leopard geckos
  4 orcs (D:3)
  A ball python (D:4)
  6 bats
  4 bat skeletons (D:2)
  2 bat zombies (D:2)
  3 giant cockroaches
  6 goblins
  8 hobgoblins
  12 jackals
  2 quokkas
  5 frilled lizards
  6 kobolds
  2 rats
77 creatures vanquished.

Vanquished Creatures (collateral kills)
  An orc (D:6)
1 creature vanquished.

Grand Total: 78 creatures vanquished

Notes
Turn   | Place    | Note
-------+----------+-------------------------------------------
     0 | D:1      | Kaname the Demonspawn Skald began the quest for the Orb.
     0 | D:1      | Reached XP level 1. HP: 16/16 MP: 3/3
   303 | D:1      | Reached skill level 3 in Charms
   357 | D:1      | Gained mutation: You have a pair of small antennae on your head. [demonic ancestry]
   357 | D:1      | Reached XP level 2. HP: 21/22 MP: 5/5
   370 | D:1      | Learned a level 2 spell: Song of Slaying
   373 | D:1      | Learned a level 2 spell: Shroud of Golubria
   924 | D:1      | Reached XP level 3. HP: 16/27 MP: 2/6
  1264 | D:2      | Reached skill level 4 in Charms
  1436 | D:2      | Found an ancient bone altar of Kikubaaqudgha.
  1439 | D:2      | Reached XP level 4. HP: 30/33 MP: 3/7
  1447 | D:2      | Reached skill level 5 in Charms
  1447 | D:2      | Gained mutation: You regenerate a little health from kills. [demonic ancestry]
  1447 | D:2      | Reached XP level 5. HP: 31/38 MP: 0/8
  1528 | D:2      | Learned a level 3 spell: Regeneration
  1602 | D:2      | Found a burning altar of Makhleb.
  1602 | D:2      | Found a stormy altar of Qazlal.
  2564 | D:3      | Noticed a centaur
  2578 | D:3      | Killed a centaur
  2578 | D:3      | Gained mutation: A weak demonic guardian rushes to your aid. [demonic ancestry]
  2578 | D:3      | Reached XP level 6. HP: 5/44 MP: 1/9
  2609 | D:3      | Found a bloodstained altar of Trog.
  3219 | D:4      | Noticed eskilway's ghost (amateur MiBe)
  3305 | D:4      | You fall through a shaft for 2 floors!
  3337 | D:6      | Demolished by an ogre

Vault maps used:
D:1:      kilobyte_arrival_exit_the_forest, serial_bayou_pond_e
D:2:      kennysheep_vampire_church, gammafunk_temple_overflow_elements
D:3:      first_bread, grunt_ministairs_7, trog_butcher_becter
D:4:      elyvilon_altar_1, hangedman_decor_slide_cut, minmay_mini_ossuary
D:6:      uniq_sigmund, uniq_eustachio, uniq_blork_the_orc, uniq_edmund

Skill      XL: |  1  2  3  4  5 |
---------------+----------------+-----
Polearms       | 2 4 |  4.3
Charms         | 3 4 5 |  5.1
Fighting       | |  2.0
Armour         | |  0.8
Dodging        | |  1.7
Spellcasting   | |  2.0

Action                   |  1- 3 |  4- 6 || total
-------------------------+-------+-------++-------
Melee: Spear             |   156 |   211 ||   367
 Cast: Infusion          |     5 |     3 ||     8
       Song of Slaying   |     1 |     1 ||     2
  Use: Scroll            |       |     5 ||     5
       Potion            |       |     3 ||     3
 Stab: Sleeping          |     1 |     4 ||     5
  Eat: Chunk             |     2 |     6 ||     8
Armor: Leather armour    |    69 |    67 ||   136
Dodge: Dodged            |   101 |   107 ||   208
